AoeStats
← aextropical#0420

Arabia

510436357Analyzed
1v1 RM · 1d ago on Oct 1, 2026· 44m 58s· 2 players
Game mode
Random Map
Map size
Tiny (2 player)
Population
200
Speed
Normal
Resources
Standard
Victory
Conquest
Starting age
Dark Age
Ending age
Imperial Age
RankedLock teamsTeams togetherTeam positionsShared explorationLock speedFull tech treeHidden civsTurbo modeCheats
Victory
Defeat
🇨🇴 Byzantines · Colombia
1017
+15
🇺🇸 Maya · United States
1004
-15
aextropical#0420
6:37 Loom
9:47 Feudal Age
10:46 Double-Bit Axe
13:41 Fletching
16:21 Padded Archer Armor
16:29 Horse Collar
22:02 Castle Age
22:13 Gold Mining
22:03 Crossbowman
23:09 Bodkin Arrow
24:04 Leather Archer Armor
25:44 Bow Saw
28:54 Thumb Ring
30:12 Ballistics
33:19 Elite Skirmisher
35:17 Wheelbarrow
43:10 Imperial Age
40:57 Hand Cart
41:17 Stone Mining
43:34 Arbalester
45:42 Chemistry
44:45 Bracer
Ragnar379
6:07 Loom
9:32 Feudal Age
10:31 Double-Bit Axe
17:51 Castle Age
16:49 Padded Archer Armor
18:26 Elite Skirmisher
19:23 Leather Archer Armor
22:02 Horse Collar
23:44 Husbandry
26:38 Fletching
27:28 Ballistics
32:13 Bodkin Arrow
38:44 Imperial Age
36:43 Light Cavalry
37:31 Scale Barding Armor
38:46 Hussar
40:12 Bracer
42:41 Ring Archer Armor
43:37 Chain Barding Armor
45:45 Plate Barding Armor
45:22 Forging
Connection lost

Rejoining the realm…

Still unreachable

The connection could not be restored.

Session expired

The server has moved on; the page needs a fresh start.